 Dungeon Crawl Stone Soup version 0.29.0-13-gc9e81de378 (webtiles) character file.

Game seed: 865799163950579254

65 sanka the Poker (level 4, -2/35 HPs)
             Began as a Merfolk Berserker on Sept 7, 2022.
             Was a Believer of Trog.
             Slain by Grinder (6 damage)
             ... on level 3 of the Dungeon.
             The game lasted 00:01:39 (2196 turns).

sanka the Poker (Merfolk Berserker)                 Turns: 2196, Time: 00:01:39

Health: -2/35      AC:  3    Str: 19    XL:     4   Next: 13%
Magic:  4/4        EV: 12    Int:  6    God:    Trog [**....]
Gold:   125        SH:  0    Dex: 13    Spells: 3/3 levels left

rFire   . . .      SeeInvis .   a - +0 spear
rCold   . . .      Faith    .   (no shield)
rNeg    . . .      Spirit   .   b - +0 animal skin
rPois   .          Reflect  .   (no helmet)
rElec   .          Harm     .   (no cloak)
rCorr   .          Rampage  .   e - +0 pair of gloves
Will    .....                   (no boots)
Stlth   +.........              (no amulet)
HPRegen 0.11/turn               (no ring)
MPRegen 0.09/turn               (no ring)

@: no status effects
A: (nimble swimmer 2), mertail
a: Renounce Religion, Berserk, Trog's Hand


You were on level 3 of the Dungeon.
You worshipped Trog.
Trog was pleased with you.
You visited 1 branch of the dungeon, and saw 3 of its levels.

You collected 125 gold pieces.


Innate Abilities, Weirdness & Mutations

((You are very nimble when in or above water. (Stealth+, EV+, Speed+++)))
Your lower body shifts to a powerful aquatic tail in water.


   Skills:
 - Level 3.2 Fighting
 + Level 6.5 Polearms
 - Level 1.3 Armour
 - Level 2.6 Dodging


You had 3 spell levels left.
You didn't know any spells.
Your spell library was empty.

Inventory:

Hand Weapons
 a - a +0 spear (weapon)
Armour
 b - a +0 animal skin (worn)
 e - a +0 pair of gloves (worn)
Wands
 h - a wand of polymorph (7)
Scrolls
 d - 4 scrolls of identify {unknown}
 i - a scroll of teleportation {unknown}
Potions
 c - a potion of heal wounds {unknown}
 f - a potion of lignification {unknown}
 g - 2 potions of flight {unknown}
 j - a potion of curing {unknown}

Dungeon Overview and Level Annotations

Branches:
Dungeon (3/15)

Altars:
Gozag

Annotations:
D:3 Grinder, Sigmund

▒▒.........▒▒▒...▒
.▒▒
▒..)...........▒...▒
▒.............▒▒.▒▒▒
▒...........▒.▒▒.▒▒
▒▒........@.......▒
▒▒...........▒...
▒▒▒▒..)▒▒▒▒......▒
▒▒▒..@▒▒▒........
▒.....?m5.▒▒▒▒...
▒.▒▒.▒..K........ ▒.
▒.▒......... ▒ ▒
▒..<......J.
▒..?........
..▒.........
▒▒...£.......
............


You could see Grinder, Sigmund, an endoplasm and a kobold.


Message History

You see here a scroll labelled ADGHIT POLE.
The kobold attacks as you move away! The kobold closely misses you.
Sigmund's eyes start glowing with a red light.
Sigmund gestures at you while chanting. You resist with some effort.
Sigmund gestures at you while chanting. The puff of flame hits you!
* * * LOW HITPOINT WARNING * * *
You puncture the kobold!
You kill the kobold!
Trog accepts your kill.
You can now call upon Trog for regeneration and willpower.
Sigmund zaps a wand.
The puff of flame misses you.
A kobold comes into view. It is wielding a +0 whip.
Things that are here:
a +0 whip; a scroll labelled GETO WULENN Grinder comes into view.
Grinder shouts!
The kobold shouts!
You see here a scroll labelled ADGHIT POLE.
The kobold hits you with a +0 whip.
* * * LOW HITPOINT WARNING * * *
An endoplasm comes into view.
There is a stone staircase leading up here.
Grinder hits you!
* * * LOW HITPOINT WARNING * * *
You writhe in agony.
You die...

Action                   |  1- 3 |  4- 6 || total
-------------------------+-------+-------++-------
Melee: Spear             |   122 |     8 ||   130
       Punch             |     1 |       ||     1
 Stab: Sleeping          |     4 |     1 ||     5
Armor: Animal skin       |    15 |     1 ||    16
Dodge: Dodged            |    47 |     2 ||    49

Levels and vault maps discovered:
D:1:      co_arrival_square_in_a_square_in_a_square, layout_basic, st_stairs_12,
          minmay_misc_feat_roman
D:2:      layout_rooms, basic_altar, nicolae_ecumenical_oubliette,
          nicolae_elevator_lobby_plus
D:3:      layout_rooms, serial_shops, nicolae_shop_waterfront, shop,
          uniq_grinder, uniq_natasha, uniq_sigmund

Notes
Turn   | Place    | Note
-------+----------+-------------------------------------------
     0 | D:1      | sanka the Merfolk Berserker began the quest for the Orb.
     0 | D:1      | Reached XP level 1. HP: 18/18 MP: 1/1
   267 | D:1      | Reached XP level 2. HP: 14/24 MP: 2/2
   449 | D:1      | Reached skill level 5 in Polearms
  1193 | D:1      | Reached XP level 3. HP: 29/29 MP: 3/3
  1395 | D:2      | Found an opulent altar of Gozag.
  1430 | D:2      | Reached skill level 6 in Polearms
  1616 | D:2      | Found a faded altar of an unknown god.
  2112 | D:3      | Reached XP level 4. HP: 35/35 MP: 4/4
  2177 | D:3      | Identified a +0 robe of resistance
  2177 | D:3      | Noticed Sigmund
  2184 | D:3      | Reached ** piety under Trog
  2193 | D:3      | Noticed Grinder
  2196 | D:3      | Slain by Grinder

Vanquished Creatures
  2 adders (D:2)
  2 dart slugs
  5 ball pythons
  3 bats
  6 endoplasms
  A giant cockroach (D:1)
  3 goblins (D:1)
  3 hobgoblins
  2 jackals (D:1)
  2 kobolds
  3 quokkas
  4 frilled lizards
  2 rats
38 creatures vanquished.
